 Dungeon Crawl Stone Soup version 0.29-a0-380-gf50f0a9fbc (webtiles) character file.

Game seed: 6658174570864490712

8319 siradein the Frost Mage (level 11, -20/83 HPs)
             Began as a Ghoul Ice Elementalist on May 6, 2022.
             Was a Priest of Kikubaaqudgha.
             Demolished by a two-headed ogre
             ... wielding a +0 giant club
              (27 damage)
             ... on level 11 of the Dungeon.
             The game lasted 00:45:39 (16049 turns).

siradein the Frost Mage (Ghoul Ice Elementalist)   Turns: 16049, Time: 00:45:40

Health: -20/83     AC: 15    Str: 12    XL:     11   Next: 29%
Magic:  16/22      EV: 11    Int: 13    God:    Kikubaaqudgha [***...]
Gold:   578        SH:  4    Dex: 10    Spells: 2/27 levels left

rFire   . . .      SeeInvis .   t - +4 whip (elec)
rCold   + . .      Faith    .   e - +0 buckler
rNeg    + + +      Spirit   .   D - +0 acid dragon scales
rPois   ∞          Reflect  .   p - +0 helmet
rElec   .          Harm     .   C - +2 ratskin cloak {*Rats rPois rN+ Str-1 Int-1 Dex+1}
rCorr   +          Rampage  .   (no gloves)
Will    .....                   w - +0 pair of boots
Stlth   +.........              (no amulet)
HPRegen 0.00/turn               q - +4 ring of protection
MPRegen 0.18/turn               J - ring of flight

@: about to teleport, flying, inhibited regen, slowed, very slow
A: claws 1, cold resistance 1, negative energy resistance 3, inhibited
regeneration, torment resistance 2, devour on kill
a: Renounce Religion, Receive Corpses


You were on level 11 of the Dungeon.
You worshipped Kikubaaqudgha.
Kikubaaqudgha was most pleased with you.
You visited 1 branch of the dungeon, and saw 11 of its levels.

You collected 578 gold pieces.

Inventory:

Hand Weapons
 t - a +4 whip of electrocution (weapon)
Missiles
 j - 3 throwing nets
Armour
 e - a +0 buckler (worn)
 o - +0 steam dragon scales
 p - a +0 helmet (worn)
 w - a +0 pair of boots (worn)
 C - the +2 ratskin cloak (worn) {*Rats rPois rN+ Str-1 Int-1 Dex+1}
   (You found it on level 5 of the Dungeon)

   When the wearer is hurt, rats may emerge from it to assist them.
   Str:       It affects your strength (-1).
   Int:       It affects your intelligence (-1).
   Dex:       It affects your dexterity (+1).
   rPois:     It protects you from poison.
   rN:        It protects you from negative energy.
 D - +0 acid dragon scales (worn)
Jewellery
 q - a +4 ring of protection (left claw)
 J - a ring of flight (right claw)
Wands
 u - a wand of digging (6)
 B - a wand of mindburst (14)
 E - a wand of charming (6)
 H - a wand of polymorph (5)
Scrolls
 a - a scroll of blinking {unknown}
 c - a scroll of brand weapon {unknown}
 f - 2 scrolls of vulnerability
 h - a scroll of silence {unknown}
 i - 4 scrolls of enchant weapon
 k - 2 scrolls of noise {unknown}
 l - 2 scrolls of fog {unknown}
 m - a scroll of magic mapping {unknown}
 r - 8 scrolls of teleportation
 x - a scroll of torment {unknown}
 y - a scroll of amnesia {unknown}
 z - 2 scrolls of poison {unknown}
 G - a scroll of enchant armour {unknown}
 I - a scroll of identify
Potions
 b - a potion of magic
 d - 2 potions of degeneration {unknown}
 g - 2 potions of heal wounds
 n - 3 potions of attraction {unknown}
 s - a potion of lignification {unknown}
 v - 5 potions of curing {unknown}
 A - 3 potions of haste {unknown}
 K - a potion of flight {unknown}
Miscellaneous
 F - a phantom mirror


   Skills:
 + Level 3.7 Fighting
 + Level 3.6 Dodging
 - Level 2.1 Stealth
 + Level 2.9 Shields
 + Level 8.5 Spellcasting
 + Level 2.6 Conjurations
 + Level 3.0 Summonings
 + Level 3.4 Necromancy
 + Level 11.6 Ice Magic
 + Level 3.2 Earth Magic
 + Level 3.0 Evocations


You had 2 spell levels left.
You knew the following spells:

 Your Spells              Type           Power      Damage    Failure   Level
a - Freeze                Ice            100%       1d11      1%          1
b - Frozen Ramparts       Ice            70%        1d9       1%          3
c - Ozocubu's Armour      Ice            35%        N/A       1%          3
d - Hailstorm             Conj/Ice       24%        3d7       14%         4
e - Summon Ice Beast      Ice/Summ       24%        N/A       13%         4
f - Passwall              Tmut/Erth      7%         N/A       21%         2
g - Borgnjor's Vile Clut  Necr/Erth      7%         N/A       87%         5
h - Vampiric Draining     Necr           14%        2d7       19%         3

Your spell library contained the following spells:

 Spells                   Type           Power      Damage    Failure   Level
 Animate Skeleton         Necr           28%        N/A       6%          1
 Pain                     Necr           56%        1d6       6%          1
 Sandblast                Erth           28%        2d8       7%          1
 Corpse Rot               Necr/Air       20%        N/A       19%         2
 Static Discharge         Conj/Air       9%         N/A       22%         2
 Stone Arrow              Conj/Erth      26%        3d8       22%         3
 Animate Dead             Necr           7%         N/A       52%         4
 Dispel Undead            Necr           14%        3d10      52%         4
 Anguish                  Hex/Necr       5%         N/A       77%         4
 Sticky Flame             Conj/Fire      9%         2d3       83%         4
 Agony                    Necr           14%        N/A       86%         5
 Excruciating Wounds      Necr           7%         N/A       86%         5
 Lightning Bolt           Conj/Air       4%         1d16      99%         5
 Alistair's Intoxication  Tmut/Pois      3%         N/A       100%        5
 Eringya's Noxious Bog    Tmut/Pois      2%         N/A       100%        6
 Maxwell's Capacitive Co  Air            2%         ∞         100%        8
 Ice Form                 Ice/Tmut       Unusable   N/A       N/A         4

Dungeon Overview and Level Annotations

Branches:
Dungeon (11/15)            Temple (0/1) D:7            Lair (0/6) D:10
    Orc (0/2) D:10

Altars:
Ashenzari
Gozag
Kikubaaqudgha
Qazlal
Trog
Uskayaw
Vehumet
Wu Jian
Xom
Yredelemnul

Shops:
D:7 (

Annotations:
D:7 2 transporters, klau3's ghost, novice HOFi
D:11 Gastronok


Innate Abilities, Weirdness & Mutations

You are immune to poison.
You have sharp fingernails.
Your flesh is cold resistant. (rC+)
You are immune to negative energy. (rN+++)
You do not regenerate when monsters are visible.
You are immune to unholy pain and torment.
You thrive by killing the living.


Message History

Unknown command.
Casting: Frozen Ramparts (safe; 1% risk of failure)
Confirm with . or Enter, or press ? or * to list all spells.
A film of ice covers your body!
Your ice beast hits Gastronok.
Your ice beast freezes Gastronok.
Gastronok closely misses your ice beast.
Your ice beast hits Gastronok but does no damage.
Your ice beast hits Gastronok.
Your ice beast freezes Gastronok!
Gastronok waves his eye-stalks in wide circles.
The air twists around and strikes your ice beast!!
Your ice beast hits Gastronok but does no damage.
Gastronok gurgles, "You're how I like my food.
Fast!"
Gastronok bites your ice beast!!
Your ice beast dies!
Your ice beast disappears in a puff of smoke!
The frozen ramparts melt away.
A two-headed ogre comes into view. It is wielding two +0 giant clubs.
Your icy armour will break if you move.
Continue? [Y]es or [N]o only, please.
Your icy armour will break if you move.
Continue? [Y]es or [N]o only, please.
Your icy armour will break if you move.
Continue? [Y]es or [N]o only, please.
Your icy armour will break if you move.
Continue?
Your icy armour cracks and falls away as you move.
The two-headed ogre shouts in stereo!
Gastronok sloshes about.
Gastronok waves his eye-stalks in wide circles.
The air twists around and strikes you!!
The two-headed ogre attacks as you move away!
The two-headed ogre hits you with a +0 giant club!! x2
* * * LOW HITPOINT WARNING * * *
Gastronok waves his eye-stalks in wide circles.
The air twists around and strikes you!
* * * LOW HITPOINT WARNING * * *
As you read the scroll of teleportation, it crumbles to dust.
You feel strangely unstable.
The two-headed ogre hits you with a +0 giant club!!
You die...
Kikubaaqudgha rasps: "You have failed me!
Welcome... oblivion!"

##...?...........
##...............##
#..................
......#..........#
#.##..#w.........#
###............#
................#
......##..O....##
.........#@#####
............## #########
.............## #........
.....#.##.....### #........
................####........
.....#.#.####...............
.........# ##.##...........
#####...# #.#####........
##.## ### #........


You could see Gastronok and a two-headed ogre.

Vanquished Creatures
  Joseph (D:8)
  5 kobold demonologists
  A troll (D:9)
  A hornet (D:9)
  2 wyverns
  4 yaks (D:10)
  2 wraiths (D:10)
  2 steam dragons
  Menkaure (D:4)
  An acid dragon (D:10)
  A water moccasin (D:5)
  2 black bears
  An ice beast (D:7)
  2 orc warriors (D:9)
  A sky beast (D:7)
  2 centaurs
  An ogre (D:8)
  3 phantoms
  6 kobold brigands
  3 bullfrogs
  3 necrophages
  3 scorpions
  A water moccasin zombie (D:5)
  9 wights
  A water moccasin skeleton (D:5)
  2 howler monkeys
  A bullfrog zombie (D:5)
  3 centaur zombies
  4 orc priests
  4 hounds
  3 jellies
  A human zombie (D:9)
  2 bullfrog skeletons (D:5)
  2 gnoll shamans
  2 iguanas
  11 orc wizards
  6 hell rats (D:5)
  3 hound zombies (D:5)
  3 mummies (D:9)
  3 howler monkey zombies
  11 gnolls
  26 river rats (D:5)
  7 adders
  2 shadow imps
  A white imp (D:6)
  2 worms
  A dart slug (D:1)
  32 orcs
  7 ball pythons
  4 endoplasms
  5 giant cockroaches
  4 goblins
  9 hobgoblins
  7 jackals (D:1)
  4 quokkas
  5 bats
  9 frilled lizards
  37 kobolds
  3 rats (D:1)
285 creatures vanquished.

Vanquished Creatures (collateral kills)
  An ogre (D:6)
  A wight (D:9)
  An orc wizard (D:5)
3 creatures vanquished.

Vanquished Creatures (others)
  A gnoll (D:9)
  3 withered plants (D:5)
4 creatures vanquished.

Grand Total: 292 creatures vanquished

Notes
Turn   | Place    | Note
-------+----------+-------------------------------------------
     0 | D:1      | siradein the Ghoul Ice Elementalist began the quest for the
                  | Orb.
     0 | D:1      | Reached XP level 1. HP: 14/14 MP: 2/2
   241 | D:1      | Reached XP level 2. HP: 15/20 MP: 0/4
   517 | D:1      | HP: 1/20 [ball python (1)]
   527 | D:1      | HP: 1/20 [hobgoblin (1)]
  1118 | D:1      | Reached XP level 3. HP: 26/26 MP: 2/5
  1231 | D:1      | Reached skill level 5 in Ice Magic
  1956 | D:1      | Found a faded altar of an unknown god.
  1989 | D:1      | Learned a level 3 spell: Frozen Ramparts
  1993 | D:1      | Learned a level 3 spell: Ozocubu's Armour
  2953 | D:2      | Reached XP level 4. HP: 23/33 MP: 0/7
  3141 | D:2      | Reached XP level 5. HP: 34/38 MP: 5/8
  4111 | D:3      | Noticed a phantom
  4119 | D:3      | Killed a phantom
  4120 | D:3      | Reached skill level 6 in Ice Magic
  4120 | D:3      | Reached XP level 6. HP: 39/45 MP: 10/10
  4262 | D:3      | Learned a level 4 spell: Hailstorm
  4679 | D:4      | Found an opulent altar of Gozag.
  4853 | D:4      | Reached skill level 7 in Ice Magic
  4874 | D:4      | Reached XP level 7. HP: 50/50 MP: 7/12
  5004 | D:4      | Noticed Menkaure
  5764 | D:4      | Killed Menkaure
  6375 | D:5      | Entered Level 5 of the Dungeon
  6381 | D:5      | Reached skill level 5 in Spellcasting
  6599 | D:5      | Reached skill level 8 in Ice Magic
  6628 | D:5      | Learned a level 4 spell: Summon Ice Beast
  6633 | D:5      | Reached XP level 8. HP: 57/57 MP: 4/15
  7600 | D:5      | Reached skill level 9 in Ice Magic
  7979 | D:5      | Found the +2 ratskin cloak {*Rats rPois rN+ Str-1 Int-1
                  | Dex+1}
  8466 | D:5      | Reached XP level 9. HP: 46/62 MP: 13/18
  8907 | D:6      | Reached skill level 10 in Ice Magic
  9237 | D:6      | Found an ancient bone altar of Kikubaaqudgha.
  9240 | D:6      | Found a stormy altar of Qazlal.
  9527 | D:6      | Became a worshipper of Kikubaaqudgha
  9867 | D:7      | Found Lycunaock's Antique Weapon Shoppe.
 10197 | D:7      | Found a staircase to the Ecumenical Temple.
 10233 | D:7      | Noticed klau3's ghost (novice HOFi)
 10241 | D:7      | Noticed a six-headed hydra
 10247 | D:7      | Found a transporter.
 10328 | D:7      | Found a transporter.
 10378 | D:7      | Found a hide-covered altar of Uskayaw.
 10449 | D:7      | Reached skill level 11 in Ice Magic
 11111 | D:8      | Reached skill level 1 in Fighting
 11278 | D:8      | Reached skill level 1 in Necromancy
 11436 | D:8      | Reached * piety under Kikubaaqudgha
 11436 | D:8      | Received a gift from Kikubaaqudgha
 11445 | D:8      | Learned a level 2 spell: Passwall
 11451 | D:8      | Learned a level 5 spell: Borgnjor's Vile Clutch
 11496 | D:8      | Reached skill level 1 in Summonings
 11496 | D:8      | Reached skill level 1 in Evocations
 11496 | D:8      | Reached XP level 10. HP: 61/71 MP: 15/21
 11565 | D:8      | Reached skill level 1 in Shields
 11681 | D:8      | Reached skill level 1 in Conjurations
 11762 | D:8      | Noticed Joseph
 11773 | D:8      | Killed Joseph
 11774 | D:8      | Reached skill level 1 in Earth Magic
 11994 | D:9      | Noticed a kobold demonologist
 12237 | D:9      | Noticed a kobold demonologist
 12323 | D:9      | Noticed a kobold demonologist
 12717 | D:9      | Reached ** piety under Kikubaaqudgha
 13489 | D:9      | Noticed a sun demon
 13490 | D:9      | Noticed a smoke demon
 13490 | D:10     | Entered Level 10 of the Dungeon
 13490 | D:10     | Found a staircase to the Orcish Mines.
 13680 | D:10     | Learned a level 3 spell: Vampiric Draining
 13868 | D:10     | Found a broken altar of Ashenzari.
 13878 | D:10     | Found a staircase to the Lair.
 13893 | D:10     | Noticed a kobold demonologist
 13895 | D:10     | Noticed a kobold demonologist
 13904 | D:10     | Killed a kobold demonologist
 13908 | D:10     | Noticed a rust devil
 13908 | D:10     | Killed a kobold demonologist
 13909 | D:10     | Reached XP level 11. HP: 82/82 MP: 14/22
 15015 | D:9      | Found a basalt altar of Yredelemnul.
 15040 | D:9      | Reached *** piety under Kikubaaqudgha
 15040 | D:9      | Received a gift from Kikubaaqudgha
 15314 | D:10     | Found a bloodstained altar of Trog.
 15335 | D:10     | Found a radiant altar of Vehumet.
 15642 | D:10     | Found an ornate altar of the Wu Jian Council.
 15830 | D:10     | Found a shimmering altar of Xom.
 16032 | D:11     | Noticed Gastronok
 16042 | D:11     | Noticed a two-headed ogre
 16049 | D:11     | Demolished by a two-headed ogre

Illustrated notes

Levels and vault maps discovered:
D:1:      scummos_arrival_star, layout_basic,
          hellmonk_ecumenical_altar_pennies_from_heaven
D:2:      layout_basic, grunt_decor_clamped, nicolae_figureground_sparkle
D:3:      layout_rooms, minmay_misc_feat_tiny, roderic_lattice_a
D:4:      wad_pebble_path, layout_gridville, grunt_gozag_statues, uniq_menkaure
D:5:      wander_guarded_unrand_ratskin, layout_layer_cave, serial_undead,
          serial_undead_c, serial_undead_b, serial_undead_d, serial_undead_d,
          serial_undead_d, minmay_strange_pillars
D:6:      layout_rooms, nicolae_overflow_squiral
D:7:      layout_basic, mainiacjoe_overflow_alcove_1, minmay_temple_entry_waves,
          nzn_ghost_randoct, serial_shops, shop, grunt_ministairs_5
D:8:      layout_basic, uniq_joseph
D:9:      layout_irregular_city, lemuel_mausoleum_altar_yredelemnul
D:10:     hellmonk_crumbling_castle, layout_loops_corners,
          nicolae_overflow_quartered_altars, kennysheep_mini,
          columned_hall_lemuel
D:11:     layout_rooms, uniq_gastronok

Skill      XL: |  1  2  3  4  5  6  7  8  9 10 11 |
---------------+----------------------------------+-----
Spellcasting   | 2 3 4 5 6 8 |  8.5
Ice Magic      | 5 6 7 8 9 11 | 11.6
Dodging        | 2 3 |  3.6
Fighting       | 1 3 |  3.7
Necromancy     | 1 3 |  3.4
Summonings     | 1 2 3 |  3.0
Evocations     | 1 2 3 |  3.0
Shields        | 2 |  2.9
Conjurations   | 2 |  2.6
Earth Magic    | 2 3 |  3.2
Stealth        | |  2.1

Action                   |  1- 3 |  4- 6 |  7- 9 | 10-12 || total
-------------------------+-------+-------+-------+-------++-------
Melee: Unarmed           |    40 |     1 |       |       ||    41
       Whip              |       |    11 |   131 |   198 ||   340
 Cast: Freeze            |    82 |    57 |   177 |    45 ||   361
       Frozen Ramparts   |     1 |     4 |    23 |    26 ||    54
       Ozocubu's Armour  |       |       |     3 |    19 ||    22
       Hailstorm         |       |       |       |     1 ||     1
       Summon Ice Beast  |       |       |       |     1 ||     1
  Use: Scroll            |       |       |     4 |     1 ||     5
       Potion            |       |       |     1 |       ||     1
 Stab: Sleeping          |       |       |       |     1 ||     1
Armor: Robe              |    21 |    19 |   107 |    18 ||   165
       Acid dragon scale |       |       |       |    73 ||    73
       Steam dragon scal |       |       |       |    10 ||    10
Dodge: Dodged            |    78 |    29 |   156 |   116 ||   379
       Repelled          |     1 |       |       |       ||     1
Block: Buckler           |     6 |     7 |    41 |    35 ||    89

Table legend: (Time is in decaauts)
 A = Elapsed time spent in this place.
 B = Non-inter-level travel time spent in this place.
 C = Inter-level travel time spent in this place.
 D = Time resting spent in this place.
 E = Time spent auto-exploring this place.
 F = Levels seen in this place.
 G = Mean time per level.
                   A        B        C        D        E       F      G
               +--------+--------+--------+--------+--------+-----+--------+
         Total |  16115 |  15690 |    425 |   1143 |  11697 |  11 | 1465.0 |
       Dungeon |  16115 |  15690 |    425 |   1143 |  11697 |  11 | 1465.0 |
               +--------+--------+--------+--------+--------+-----+--------+

Top non-repeatable levels by time:
     D:5: 2528 daAuts
     D:9: 2293 daAuts
     D:1: 2108 daAuts
     D:4: 1616 daAuts
     D:8: 1567 daAuts
     D:2: 1527 daAuts
    D:10: 1270 daAuts
     D:7: 1134 daAuts
     D:3: 1129 daAuts
     D:6: 864 daAuts
    D:11: 74 daAuts
